 Dungeon Crawl Stone Soup version 0.26-a0-690-gcb57259078 (webtiles) character file.

Game seed: 17531401403394965819

1038 Descartes the Gusty (level 8, -2/41 HPs)
             Began as a Deep Elf Air Elementalist on Oct 24, 2020.
             Slain by a wyvern skeleton (16 damage)
             ... on level 6 of the Dungeon.
             The game lasted 00:17:01 (6080 turns).

Descartes the Gusty (Deep Elf Air Elementalist)     Turns: 6080, Time: 00:17:02

Health: -2/41      AC:  5    Str:  5    XL:     8   Next: 4%
Magic:  15/17      EV: 13    Int: 23    God:
Gold:   151        SH:  0    Dex: 20    Spells: 12/17 levels left

rFire    . . .     SeeInvis .   a - -3 hunting sling (curse)
rCold    . . .     Faith    .   (no shield)
rNeg     . . .     Spirit   .   d - +0 leather armour (curse)
rPois    +         Reflect  .   (no helmet)
rElec    .         Harm     +   (no cloak)
rCorr    .         Rampage  .   (no gloves)
MR       .....                  z - +1 pair of boots of Tacuj {Harm *Drain Dex+5}
Stlth    ++........             (no amulet)
HPRegen  0.13/turn              s - ring of poison resistance
MPRegen  0.15/turn              (no ring)

@: no status effects
A: no striking features
a: no special abilities


You were on level 6 of the Dungeon.
You visited 1 branch of the dungeon, and saw 6 of its levels.

You collected 151 gold pieces.

Inventory:

Hand Weapons
 a - a cursed -3 hunting sling (weapon)
 b - a +0 dagger
Missiles
 g - 38 arrows
 j - 122 stones
 l - 16 sling bullets (quivered)
 u - 160 bolts
 B - 4 boomerangs
 C - 8 atropa-tipped darts
Armour
 d - a cursed +0 leather armour (worn)
 e - a +0 robe
 m - a +0 kite shield
 z - the +1 pair of boots of Tacuj (worn) {Harm *Drain Dex+5}
   (You found it on level 4 of the Dungeon)

   It affects your dexterity (+5).
   It causes draining when unequipped.
   It increases damage dealt and taken.
 H - a +1 ring mail of fire resistance
Magical Staves
 v - an uncursed staff of cold {unknown}
Jewellery
 s - a ring of poison resistance (left hand)
Scrolls
 c - 2 scrolls of noise {unknown}
 f - a scroll of amnesia {unknown}
 k - a scroll of magic mapping {unknown}
 p - a scroll of enchant weapon {unknown}
 q - 3 scrolls of remove curse {unknown}
 w - a scroll of blinking {unknown}
 y - a scroll of fear {unknown}
 A - 2 scrolls of teleportation {unknown}
 D - 2 scrolls of identify
 E - a scroll of immolation {unknown}
Potions
 h - a potion of brilliance {unknown}
 i - a potion of ambrosia
 n - 3 potions of flight
 o - a potion of haste {unknown}
 r - 6 potions of curing
 t - 3 potions of stabbing
 x - 2 potions of cancellation {unknown}
 F - a potion of might {unknown}
 G - a potion of heal wounds


   Skills:
 - Level 3.0 Dodging
 - Level 3.0 Stealth
 * Level 4.1 Shields
 - Level 5.0 Spellcasting
 - Level 5.0 Conjurations
 + Level 5.8 Air Magic


You had 12 spell levels left.
You knew the following spells:

 Your Spells              Type           Power        Failure   Level
a - Shock                 Conj/Air       ####         1%          1
b - Airstrike             Air            ####......   14%         4

Your spell library contained the following spells:

 Spells                   Type           Power        Failure   Level
 Swiftness                Air            ####....     2%          2
 Static Discharge         Conj/Air       ####....     4%          3
 Lightning Bolt           Conj/Air       ####......   43%         5


Dungeon Overview and Level Annotations

Branches:
Dungeon (6/15)
 Temple: D:4-7

Altars:
Okawaru

Shops:
D:5 }


Message History

The hound zombie is moderately damaged.
The hound zombie closely misses you.
The wyvern skeleton bites you but does no damage.
An orc priest comes into view.
Casting: Shock (safe; 1% risk of failure)
Confirm with . or Enter, or press ? or * to list all spells.
Press: ? - help, Shift-Dir - straight line, f - shadow imp, p - hound zombie
Aim: a shadow imp The zap hits the wyvern skeleton.
The wyvern skeleton is severely damaged.
The zap hits the shadow imp.
The shadow imp is almost dead.
The zap hits the orc wizard!
The orc wizard is severely wounded.
The hound zombie barely misses you. The wyvern skeleton bites you.
The orc wizard casts a spell.
The orc wizard blinks!
The hound zombie misses you.
The orc wizard hits you with a +0 dagger.
The wyvern skeleton bites you!
You die...

## .# ####.
##.#
##...#....##
#...@Z.....#
#..o.oZ5.....
#............
#............
##o......ยง..#
.....##....#
####### #..o.
....


You could see an orc priest, 2 orc wizards, a shadow imp, an orc, a hound zombie
and a wyvern skeleton.

Vanquished Creatures
  Grinder (D:5)
  Sigmund (D:4)
  Edmund (D:5)
  A gnoll sergeant (D:3)
  A hound (D:5)
  A jelly (D:5)
  A bullfrog skeleton (D:5)
  An orc priest (D:4)
  Natasha (thrice) (D:1)
  4 worker ants
  A killer bee zombie (D:3)
  4 adders
  4 gnolls
  A shadow imp (D:6)
  2 oozes
  3 worms
  4 leopard geckos
  6 orcs
  A ball python (D:4)
  4 giant cockroaches
  6 goblins
  8 hobgoblins
  4 jackals (D:1)
  6 kobolds
  5 quokkas
  7 bats
  5 frilled lizards
  A leopard gecko skeleton (D:4)
  5 rats (D:1)
92 creatures vanquished.

Notes
Turn   | Place    | Note
-------+----------+-------------------------------------------
     0 | D:1      | Descartes the Deep Elf Air Elementalist began the quest for
                  | the Orb.
     0 | D:1      | Reached XP level 1. HP: 10/10 MP: 6/6
   264 | D:1      | Reached XP level 2. HP: 13/15 MP: 4/8
   636 | D:1      | Reached XP level 3. HP: 19/19 MP: 6/9
  1709 | D:2      | Noticed Natasha
  1725 | D:1      | Killed Natasha
  1725 | D:1      | Reached XP level 4. HP: 4/24 MP: 1/11
  2062 | D:1      | Noticed Natasha
  2071 | D:1      | Killed Natasha
  2615 | D:1      | Noticed Natasha
  2621 | D:1      | Killed Natasha
  2621 | D:1      | Reached skill level 1 in Shields
  2621 | D:1      | Reached XP level 5. HP: 15/28 MP: 6/12
  3254 | D:3      | Learned a level 4 spell: Airstrike
  3549 | D:3      | HP: 1/28 [gnoll sergeant/+0 trident (7)]
  4045 | D:3      | Reached XP level 6. HP: 15/32 MP: 4/14
  4497 | D:4      | Got a pair of heavily runed boots
  4503 | D:4      | Identified the +1 pair of boots of Tacuj {Harm *Drain
                  | Dex+5} (You found it on level 4 of the Dungeon)
  4807 | D:4      | Found an iron altar of Okawaru.
  5020 | D:4      | Noticed Sigmund
  5024 | D:4      | Killed Sigmund
  5024 | D:4      | Reached skill level 5 in Air Magic
  5024 | D:4      | Reached XP level 7. HP: 36/36 MP: 4/16
  5271 | D:5      | Entered Level 5 of the Dungeon
  5394 | D:5      | Noticed Grinder
  5397 | D:5      | Killed Grinder
  5397 | D:5      | Reached skill level 5 in Spellcasting
  5397 | D:5      | Reached skill level 5 in Conjurations
  5506 | D:5      | Found Rinine's Gadget Shoppe.
  5678 | D:5      | Noticed Edmund
  5687 | D:5      | Killed Edmund
  5797 | D:5      | Reached XP level 8. HP: 41/41 MP: 13/17
  6080 | D:6      | Slain by a wyvern skeleton

Illustrated notes

Levels and vault maps discovered:
D:1:      dpeg_arrival_tiny_d, layout_loops_ring
D:2:      layout_basic, uniq_natasha
D:3:      layout_rooms
D:4:      layout_rooms, okawaru_ov_weapons_minmay, uniq_sigmund
D:5:      layout_rooms, serial_shops, nicolae_shop_crystal, uniq_edmund,
          uniq_grinder
D:6:      minmay_diamond_boxcup, layout_rooms,
          gammafunk_temple_overflow_forgotten, minmay_temple_entry_trees

Skill      XL: |  1  2  3  4  5  6  7 |
---------------+----------------------+-----
Conjurations   | 2 3 4 5 |  5.0
Stealth        | 3 |  3.0
Dodging        | 3 |  3.0
Shields        | 1 2 4 |  4.1
Air Magic      | 4 5 |  5.8
Spellcasting   | 4 5 |  5.0

Action                   |  1- 3 |  4- 6 |  7- 9 || total
-------------------------+-------+-------+-------++-------
Melee: Dagger            |    32 |       |       ||    32
 Cast: Shock             |    83 |   128 |    31 ||   242
       Airstrike         |       |     2 |     6 ||     8
  Use: Scroll            |     2 |     3 |       ||     5
       Potion            |       |     1 |       ||     1
 Stab: Sleeping          |     1 |       |       ||     1
Armor: Robe              |    14 |     3 |       ||    17
       Leather armour    |       |       |     3 ||     3
Dodge: Dodged            |    41 |    20 |    19 ||    80

Table legend: (Time is in decaauts)
 A = Elapsed time spent in this place.
 B = Non-inter-level travel time spent in this place.
 C = Inter-level travel time spent in this place.
 D = Time resting spent in this place.
 E = Time spent auto-exploring this place.
 F = Levels seen in this place.
 G = Mean time per level.
                   A        B        C        D        E       F      G
               +--------+--------+--------+--------+--------+-----+--------+
         Total |   6097 |   5828 |    269 |     61 |   5149 |   6 | 1016.2 |
       Dungeon |   6097 |   5828 |    269 |     61 |   5149 |   6 | 1016.2 |
               +--------+--------+--------+--------+--------+-----+--------+

Top non-repeatable levels by time:
     D:1: 2214 daAuts
     D:2: 1223 daAuts
     D:3: 1020 daAuts
     D:4: 829 daAuts
     D:5: 796 daAuts
     D:6: 13 daAuts
